 Dungeon Crawl Stone Soup version 0.22.0-16-gc6d26f69f9 (webtiles) character file.

130 Timopy the Covert (level 5, -4/34 HPs)
             Began as an Octopode Assassin on Aug 17, 2018.
             Was an Initiate of Ru.
             Killed from afar by an orc wizard (7 damage)
             ... with a puff of flame
             ... on level 3 of the Dungeon.
             The game lasted 00:27:58 (1717 turns).

Timopy the Covert (Octopode Assassin)               Turns: 1717, Time: 00:27:59

Health: -4/34      AC:  1    Str:  9 (11) XL:     5   Next: 13%
Magic:  5/5        EV: 13    Int: 12 (13) God:    Ru [......]
Gold:   110        SH:  0    Dex: 12 (14) Spells: 4/4 levels left

rFire    . . .     SeeInvis .   a - +3 dagger
rCold    . . .     Gourm    .   (no shield)
rNeg     . . .     Faith    .   (helmet restricted)
rPois    .         Spirit   .   (no amulet)
rElec    .         Reflect  .   (no ring)
rCorr    .         Harm     .   (no ring)
MR       .....                  (no ring)
Stlth    +++.......             (no ring)
HPRegen  0.11/turn              (no ring)
MPRegen  0.09/turn              (no ring)
                                (no ring)
                                (no ring)

@: confused, hasted, very quick
A: almost no armour, stealthy swim, amphibious, 8 rings, constrict 8, camouflage
1, gelatinous body 1
a: Renounce Religion


You were on level 3 of the Dungeon.
You worshipped Ru.
Ru was noncommittal.
You were not hungry.

You visited 1 branch of the dungeon, and saw 3 of its levels.

You collected 110 gold pieces.

Inventory:

Hand Weapons
 a - a +3 dagger (weapon)
 b - a +0 blowgun
 i - a +0 dagger
 j - a +0 dagger
 p - a +0 dagger
Missiles
 c - 8 poisoned needles (quivered)
 d - 2 curare-tipped needles
Scrolls
 l - a scroll of enchant weapon
 n - a scroll of noise {unknown}
Potions
 g - 2 potions of magic
Comestibles
 f - 3 rations


   Skills:
 + Level 2.1 Fighting
 + Level 2.3 Short Blades
 + Level 2.1 Throwing
 + Level 1.6 Dodging
 + Level 8.0 Stealth


You had 4 spell levels left.
You didn't know any spells.
Your spell library was empty.

Dungeon Overview and Level Annotations

Branches:
Dungeon (3/15)

Altars:
Ashenzari
Elyvilon
Ru
Uskayaw


Innate Abilities, Weirdness & Mutations

You cannot wear most types of armour.
You are very stealthy in the water. (Stealth+)
You are amphibious.
You can wear up to eight rings at the same time.
You can use your tentacles to constrict eight enemies at once.
Your skin changes colour to match your surroundings (Stealth+).
Your rubbery body absorbs attacks. (AC +1, EV +1)


Message History

You feel weakened.
You feel dopey.
You feel clumsy.
You bump into the rock wall.
You hear some strange, mumbled words.
A magic dart appears from out of thin air!
The magic dart hits you!
* * * LOW HITPOINT WARNING * * *
You bump into the rock wall.
Something hits you but does no damage.
It was a potion of haste.
You feel yourself speed up. Something barely misses you.
You're too confused to move!
You hear some strange, mumbled words.
You are more confused.
You bump into the rock wall.
You bump into the rock wall.
Something hits you.
* * * LOW HITPOINT WARNING * * *
You bump into the rock wall.
You hear some strange, mumbled words.
A puff of flame appears from out of thin air!
The puff of flame hits you!
You die...

*,**,##....#.#.#(#.........,,*
*,**,#.....#.#.#.#....o.{..,,*
*,**,#.###.#.#.#.#..o......,,*
*,**,#.# #.#.#.#.#....o....,,*
*,**,#.# #.#.#.#.#....l..$.,,*
*,**,#.# #.#.#.#o#...?....#,,*
*,**,#.#*#.#.#.#.##########,,*
*,,,,...,..#,*,#.# *,,*
*,,,,...,*##,*,#@# *,,*
*,,,,...,***,*,#.# *,,*
*,,,,,,,,**,,,,..# *,,*
*,,,,,,,,**,,,...# *,,*
*,,,,,,,,**,,....# *,,*
*,,,,,,,,**,.....#
******,,****
,,,,,,,,,**......#
*,,,,,,,,,,,
,,,,,,,,,*#......#
*,,,,,,,,,,,
,,,,,,,,,**,,,,,,*
*,,,,,,,,,,,


You could see an orc.

Vanquished Creatures
  An iguana (D:2)
  4 adders (D:2)
  An ooze (D:1)
  A worm (D:2)
  2 dart slugs
  2 leopard geckos
  2 orcs (D:3)
  9 bats
  2 giant cockroaches
  4 goblins
  7 hobgoblins
  4 kobolds
  2 ball pythons (D:1)
  4 frilled lizards
  10 rats
55 creatures vanquished.

Notes
Turn   | Place    | Note
-------+----------+-------------------------------------------
     0 | D:1      | Timopy the Octopode Assassin began the quest for the Orb.
     0 | D:1      | Reached XP level 1. HP: 14/14 MP: 1/1
   127 | D:1      | Reached XP level 2. HP: 16/19 MP: 2/2
   147 | D:1      | Reached skill level 6 in Stealth
   454 | D:1      | Reached XP level 3. HP: 24/24 MP: 3/3
   553 | D:2      | Reached skill level 7 in Stealth
   630 | D:2      | Reached XP level 4. HP: 24/29 MP: 4/4
  1002 | D:2      | Found a sacrificial altar of Ru.
  1052 | D:2      | Became a worshipper of Ru the Awakened
  1125 | D:2      | Found a hide-covered altar of Uskayaw.
  1143 | D:2      | Found a shattered altar of Ashenzari.
  1388 | D:2      | Reached XP level 5. HP: 34/34 MP: 5/5
  1558 | D:3      | Found a white marble altar of Elyvilon.
  1566 | D:3      | Reached skill level 8 in Stealth
  1717 | D:3      | Killed from afar by an orc wizard

Skill      XL: |  1  2  3  4  5 |
---------------+----------------+-----
Stealth        | 6 7 8 |  8.0
Fighting       | |  2.1
Short Blades   | |  2.3
Throwing       | |  2.1
Dodging        | |  1.6

Action                   |  1- 3 |  4- 6 || total
-------------------------+-------+-------++-------
Melee: Dagger            |    45 |    64 ||   109
       Constrict         |    13 |    13 ||    26
       Tentacles         |     7 |    12 ||    19
  Use: Scroll            |     2 |     6 ||     8
       Potion            |       |     3 ||     3
 Stab: Sleeping          |     6 |    13 ||    19
  Eat: Ration            |       |     1 ||     1
Armor: Skin              |     5 |       ||     5
Dodge: Dodged            |    21 |    33 ||    54
